 Dungeon Crawl Stone Soup version 0.24-a0-545-gd1b266bae6 (webtiles) character file.

Game seed: 10397359839897578553

0 Jannitor the Ducker (level 1, -26/11 HPs)
             Began as a Spriggan Abyssal Knight on Aug 18, 2019.
             Was a Follower of Lugonu.
             Killed from afar by a guardian serpent (37 damage)
             ... with a bolt of poison
             ... on level 2 of the Abyss.
             The game lasted 00:00:48 (229 turns).

Jannitor the Ducker (Spriggan Abyssal Knight)        Turns: 229, Time: 00:00:49

Health: -26/11     AC:  2    Str:  8    XL:     1   Next: 0%
Magic:  3/3        EV: 18    Int: 13    God:    Lugonu [*.....]
Gold:   160        SH:  0    Dex: 15    Spells: 0/0 levels left

rFire    . . .     SeeInvis +   a - +1 short sword
rCold    . . .     Gourm    .   (shield restricted)
rNeg     . . .     Faith    .   b - +0 robe
rPois    .         Spirit   .   (helmet restricted)
rElec    .         Reflect  .   (no cloak)
rCorr    .         Harm     .   (gloves unavailable)
MR       .....                  (boots unavailable)
Stlth    +.........             (no amulet)
HPRegen  0.03/turn              (no ring)
MPRegen  0.08/turn              (no ring)

@: lethally poisoned (-26 -> -44), very quick
A: very small, unfitting armour, see invisible, herbivore, speed 3, slow
metabolism 2
a: Depart the Abyss, Renounce Religion


You were on level 2 of the Abyss.
You worshipped Lugonu.
Lugonu was aware of your devotion.
You were not hungry.

You visited 0 branches of the dungeon, and saw 0 of its levels.
You visited the Abyss 1 time.

You collected 160 gold pieces.

Inventory:

Hand Weapons
 a - a +1 short sword (weapon)
Armour
 b - a +0 robe (worn)
Wands
 e - a wand of iceblast (9)
Potions
 d - a potion of mutation {unknown}
Comestibles
 c - 2 rations


   Skills:
 + Level 2.4 Fighting
 + Level 2.1 Short Blades
 + Level 3.5 Dodging
 + Level 1.7 Invocations


You couldn't memorise any spells.
You didn't know any spells.
Your spell library was empty.

Dungeon Overview and Level Annotations

Branches:
Dungeon (0/15)

Altars:


Innate Abilities, Weirdness & Mutations

You are very small and have problems with some larger weapons.
You are too small for most types of armour.
You have supernaturally acute eyesight. (SInv)
You are a herbivore.
You cover ground extremely quickly.
You need to consume almost no food.


Message History

A large abomination comes into view.
Found a gateway leading deeper into the Abyss.
There is a gateway leading deeper into the Abyss here.
You plunge deeper into the Abyss.
Found 51 gold pieces.
You now have 101 gold pieces (gained 51).
Found 16 stones.
Found an ancient bone altar of Kikubaaqudgha.
Found a ration.
Found 59 gold pieces.
e - a wand of iceblast (9)
c - 2 rations (gained 1)
You now have 160 gold pieces (gained 59).
An apocalypse crab materialises.
A guardian serpent comes into view.
The guardian serpent shouts!
The guardian serpent casts a spell at you.
The bolt of poison hits you!!!
You are lethally poisoned!
Ouch! That really hurt!
You die...

# #...# ## . #
..#.##.# .. ..
#.#........# .
###...###..# ###.
# #..#...
.......####....##
#...##......#§.#
#.....##..t§# #
#....@#.....#
....#...#..#.. #
#.....######
#....##..S§§
.....#....#§
###.#..#..#
#..#.#.##
#######. #


You could see a guardian serpent.

Vanquished Creatures (others)
  2 starspawn tentacles (Abyss:1)
2 creatures vanquished.

Notes
Turn   | Place    | Note
-------+----------+-------------------------------------------
     0 | Abyss:1  | Jannitor the Spriggan Abyssal Knight began the quest for
                  | the Orb.
     0 | Abyss:1  | Reached XP level 1. HP: 11/11 MP: 3/3
    18 | Abyss:1  | Found a corrupted altar of Lugonu.
    66 | Abyss:1  | Noticed a chaos spawn
   104 | Abyss:1  | Noticed a large abomination
   106 | Abyss:1  | Noticed a tentacled starspawn
   180 | Abyss:1  | Noticed a large abomination
   187 | Abyss:1  | Noticed a small abomination
   204 | Abyss:2  | Found an ancient bone altar of Kikubaaqudgha.
   225 | Abyss:2  | Noticed an apocalypse crab
   227 | Abyss:2  | Noticed a guardian serpent
   229 | Abyss:2  | Killed from afar by a guardian serpent

Levels and vault maps discovered:
Abyss:2:  minivault_26

Table legend:
 A = Non-vault XP
 B = Vault XP
 C = Vault XP percentage of total XP
 D = Non-vault monster count
 E = Vault monster count
 F = Vault count percentage of total count
                 A         B        C        D         E       F
            +---------+---------+-------+---------+---------+-------
      Total |       0 |       0 |   N/A |       0 |       0 |  -nan
            +---------+---------+-------+---------+---------+-------
            +---------+---------+-------+---------+---------+-------
